 Dungeon Crawl Stone Soup version 0.31-a0-188-g5e087ee2ca (webtiles) character file.

Game seed: 14905353200238739071

221 qw the Skirmisher (level 5, -1/29 HPs)
             Began as a Deep Elf Hunter on June 22, 2023.
             Slain by a gnoll
             ... wielding a +2 whip of flaming
             ... led by a gnoll sergeant
              (6 damage)
             ... on level 4 of the Dungeon.
             The game lasted 00:01:04 (2658 turns).

qw the Skirmisher (Deep Elf Hunter)                 Turns: 2658, Time: 00:01:05

Health: -1/29      AC: 12    Str: 10    XL:     5   Next: 65%
Magic:  7/7        EV:  9    Int: 14    God:
Gold:   193        SH:  0    Dex: 18    Spells: 4/4 levels left

rFire   . . .        Y - +1 shortbow
rCold   . . .        (shield currently unavailable)
rNeg    . . .        d - +0 scale mail
rPois   .            a - +1 helmet
rElec   .            (no cloak)
rCorr   .            l - +0 pair of gloves
SInv    .            e - +2 pair of boots
Will    .....        k - amulet of the acrobat
Stlth   +            (no ring)
HPRegen 0.24/turn    (no ring)
MPRegen 0.10/turn

%: acrobat
@: about to teleport, hasted (expiring), very quick
A: no striking features
a: no special abilities


You were on level 4 of the Dungeon.
You visited 2 branches of the dungeon, and saw 6 of its levels.

You collected 193 gold pieces.


   Skills:
 + Level 1.5 Fighting
 - Level 9.0 Ranged Weapons
 - Level 1.0 Armour
 - Level 2.4 Dodging
 - Level 1.2 Stealth


You had 4 spell levels left.
You didn't know any spells.
Your spell library was empty.

Inventory:

Hand Weapons
 Y - a +1 shortbow (weapon)
Armour
 a - a +1 helmet (worn)
 d - a +0 scale mail (worn)
 e - a +2 pair of boots (worn)
 l - a +0 pair of gloves (worn)
Jewellery
 k - an amulet of the acrobat (around neck)
Scrolls
 h - a scroll of identify
Potions
 c - 2 potions of curing
 f - a potion of might {unknown}
 g - a potion of haste
 i - a potion of enlightenment {unknown}
 j - a potion of resistance {unknown}

Dungeon Overview and Level Annotations

Branches:
Dungeon (5/15)             Temple (1/1) D:4

Altars:
Ashenzari
Dithmenos
Makhleb
Qazlal
Ru
Uskayaw
Wu Jian
Xom
The Shining One

Shops:
D:4 =


Message History

The gnoll closely misses you.
The gnoll hits you from afar with a +0 spear.
The gnoll sergeant hits you from afar with a +0 trident.
The gnoll closely misses you. The hound bites you.
You climb upwards.
There is a stone staircase leading down here.
You shoot an arrow. The arrow hits the gnoll!
You kill the gnoll!
The hound bites you but does no damage. The gnoll hits you but does no damage.
Your Ranged Weapons skill increases to level 9!
You shoot an arrow. The arrow barely misses the hound.
The hound completely misses you.
You shoot an arrow. The arrow hits the hound.
The hound is lightly wounded.
The hound barely misses you. The gnoll hits you but does no damage.
You shoot an arrow. The arrow closely misses the hound.
The hound bites you but does no damage.
The gnoll hits you with a +2 whip of flaming.
The gnoll burns you.
2653 ||| READING scroll of teleportation.
As you read the scroll of teleportation, it crumbles to dust.
You feel strangely unstable. The hound bites you but does no damage.
The gnoll hits you but does no damage.
You shoot an arrow.
The arrow hits the hound but does no damage.
The hound is lightly wounded.
The hound barely misses you. The hound bites you but does no damage.
You shoot an arrow. The arrow barely misses the hound.
Your extra speed is starting to run out.
The gnoll hits you but does no damage. The hound bites you but does no damage.
You shoot an arrow.
The arrow hits the hound but does no damage.
The hound is lightly wounded.
The hound bites you. The gnoll misses you.
You shoot an arrow. The arrow closely misses the hound.
The hound bites you but does no damage. The gnoll hits you but does no damage.
You shoot an arrow. The arrow closely misses the hound.
The hound bites you but does no damage.
The gnoll hits you with a +2 whip of flaming.
You die...

.......(#####################....
.......##..#..#.##..##.#..###....
..............:..................
........................#........
...############.##..##.##%######.
##################..##.##)###.###
.............#.......+..........#
.............#.......#.........##
.............##.@)..##........##.
.........##..##gh...##........##.
.........##..##.....##....##...##
...####..##.........##....##..###
...########...............##..###
.........##..#.................#.
.........#####......#..........#.
..........# #.######...#......##
..........# ### #.###########


You could see a hound and a gnoll.

Vanquished Creatures
  A scorpion (D:4)
  5 adders
  2 gnolls
  3 worms
  6 dart slugs
  3 orcs
  9 ball pythons
  3 endoplasms
  3 giant cockroaches
  7 hobgoblins
  3 jackals (D:2)
  4 kobolds
  6 quokkas
  6 bats
  7 frilled lizards
  A goblin (D:3)
  5 rats
74 creatures vanquished.

Notes
Turn   | Place    | Note
-------+----------+-------------------------------------------
     0 | D:1      | qw the Deep Elf Hunter began the quest for the Orb.
     0 | D:1      | Reached XP level 1. HP: 12/12 MP: 3/3
     0 | D:1      | 0 ||| qw: Version: 0.3-a-9-g12657ce
     0 | D:1      | 0 ||| qw: Game counter: 2969
     0 | D:1      | 0 ||| qw: Always use a shield: true
     0 | D:1      | 0 ||| qw: God list: Okawaru
     0 | D:1      | 0 ||| qw: Allow faded altars: false
     0 | D:1      | 0 ||| qw: Do Orc after D:15 true
     0 | D:1      | 0 ||| qw: Do second Lair branch before Depths: true
     0 | D:1      | 0 ||| qw: Lair rune preference: random
     0 | D:1      | 0 ||| qw: Plans: Normal
     0 | D:1      | 0 ||| PLANNING D:1-11
    29 | D:1      | You fall into a shaft and drop 1 floor!
    30 | D:2      | 30 ||| UPGRADING to +0 scale mail.
    40 | D:2      | 40 ||| FLEEEEING.
    43 | D:2      | 43 ||| FLEEEEING.
    45 | D:2      | 45 ||| STAIRDANCE
    48 | D:1      | 48 ||| DROPPING +0 leather armour.
    49 | D:1      | 49 ||| UPGRADING to +1 pair of boots.
   138 | D:1      | Reached skill level 6 in Ranged Weapons
   138 | D:1      | Reached XP level 2. HP: 16/16 MP: 4/4
   574 | D:1      | Found a faded altar of an unknown god.
   710 | D:1      | 710 ||| DROPPING scroll of butterflies.
   725 | D:2      | 725 ||| STAIRDANCE
   731 | D:1      | Reached XP level 3. HP: 18/20 MP: 5/5
   765 | D:2      | 765 ||| FLEEEEING.
   766 | D:2      | 766 ||| FLEEEEING.
   767 | D:2      | 767 ||| FLEEEEING.
   768 | D:2      | 768 ||| FLEEEEING.
   773 | D:2      | 773 ||| STAIRDANCE
   868 | D:2      | Identified the +2 dagger "Ymnet" {heavy, Stlth+}
   905 | D:2      | Reached skill level 7 in Ranged Weapons
  1293 | D:2      | 1293 ||| READING scroll labelled PIEGRU QOYSH.
  1294 | D:2      | 1294 ||| READING scroll labelled ZIAREQ AXUOF.
  1295 | D:2      | 1295 ||| READING 2 scrolls labelled BUPSUTZAYN.
  1296 | D:2      | 1296 ||| READING scroll of enchant armour.
  1296 | D:2      | 1296 ||| ENCHANTING +1 pair of boots.
  1297 | D:2      | 1297 ||| READING scroll labelled IGUQOU TIGIOG.
  1298 | D:2      | 1298 ||| DRINKING 3 silvery potions.
  1314 | D:3      | Reached XP level 4. HP: 25/25 MP: 6/6
  1781 | D:3      | 1781 ||| UPGRADING to +1 helmet.
  1786 | D:3      | 1786 ||| DROPPING +2 pair of boots.
  1787 | D:3      | 1787 ||| UPGRADING to amulet of the acrobat.
  1792 | D:3      | 1792 ||| READING 2 scrolls labelled SOXOATR YBAENE.
  1793 | D:3      | 1793 ||| DROPPING scroll of amnesia.
  1831 | D:4      | Reached skill level 8 in Ranged Weapons
  2049 | D:4      | Found a staircase to the Ecumenical Temple.
  2050 | D:4      | 2050 ||| PLANNING TEMPLE
  2050 | D:4      | 2050 ||| READING scroll labelled SAYCKOA VYLUU.
  2051 | D:4      | 2051 ||| READING scroll labelled TUED ONLIEF.
  2055 | Temple   | Entered the Ecumenical Temple
  2068 | Temple   | 2068 ||| PLANNING D:1-11
  2087 | D:4      | Reached skill level 1 in Armour
  2279 | D:4      | Found Hirhuxte's Jewellery Shoppe.
  2285 | D:4      | 2285 ||| SHOPLISTING +4 ring of protection (504 gold, have
                  | 183).
  2285 | D:4      | 2285 ||| SHOPLISTING +6 ring of strength (504 gold, have
                  | 183).
  2285 | D:4      | 2285 ||| SHOPLISTING amulet of faith (560 gold, have 183).
  2285 | D:4      | 2285 ||| SHOPLISTING amulet of reflection (420 gold, have
                  | 183).
  2285 | D:4      | 2285 ||| SHOPLISTING ring "Vonan" {rF- rCorr Int+6 SInv}
                  | (641 gold, have 183).
  2285 | D:4      | 2285 ||| SHOPLISTING ring of protection from fire (350
                  | gold, have 183).
  2285 | D:4      | 2285 ||| SHOPLISTING ring of see invisible (210 gold, have
                  | 183).
  2361 | D:4      | Reached XP level 5. HP: 29/29 MP: 7/7
  2364 | D:4      | Found a shimmering altar of Xom.
  2606 | D:4      | 2606 ||| UPGRADING to +0 pair of gloves.
  2611 | D:4      | 2611 ||| READING 2 scrolls labelled PUSMOTIOCW.
  2615 | D:4      | 2615 ||| DRINKING 2 purple potions.
  2637 | D:5      | Entered Level 5 of the Dungeon
  2647 | D:5      | 2647 ||| STAIRDANCE
  2647 | D:5      | HP: 7/29 [hound (1)]
  2650 | D:4      | Reached skill level 9 in Ranged Weapons
  2652 | D:4      | HP: 7/29 [gnoll/+2 whip of flaming[a gnoll sergeant] (1)]
  2653 | D:4      | 2653 ||| READING scroll of teleportation.
  2658 | D:4      | Slain by a gnoll

Levels and vault maps discovered:
D:1:      dpeg_arrival_simpleton_c, layout_loops_cross,
          hellmonk_ecumenical_altar_arch_garden
D:2:      layout_basic, minmay_pentomino_u2
D:3:      minmay_angry_zag, layout_basic
D:4:      layout_gridville, marbit_many_paths, minmay_temple_entry_grid,
          serial_shops, shop
D:5:      layout_cave_pods, zin_angel, uniq_pikel
Temple:   hellmonk_temple_two_chambers

Skill      XL: |  1  2  3  4  5 |
---------------+----------------+-----
Ranged Weapons | 6 7 8 9 |  9.0
Armour         | 1 |  1.0
Fighting       | |  1.5
Dodging        | |  2.4
Stealth        | |  1.2

Action                     |  1- 3 |  4- 6 || total
---------------------------+-------+-------++-------
   Fire: Shortbow          |   100 |   124 ||   224
    Use: Scroll            |     5 |     5 ||    10
         Potion            |     1 |     1 ||     2
 Armour: Scale mail        |    30 |    43 ||    73
  Dodge: Dodged            |    24 |    53 ||    77

Table legend:
 A = Non-vault XP
 B = Vault XP
 C = Vault XP percentage of total XP
 D = Non-vault monster count
 E = Vault monster count
 F = Vault count percentage of total count
                 A         B        C        D         E       F
            +---------+---------+-------+---------+---------+-------
      Total |     307 |      10 |   3.2 |      68 |       6 |   8.1
            +---------+---------+-------+---------+---------+-------
        D:1 |      47 |       0 |   0.0 |      21 |       0 |   0.0
        D:2 |      46 |       3 |   6.1 |      18 |       2 |  10.0
        D:3 |      47 |       5 |   9.6 |      12 |       3 |  20.0
        D:4 |     149 |       2 |   1.3 |      15 |       1 |   6.2
        D:5 |      18 |       0 |   0.0 |       2 |       0 |   0.0
            +---------+---------+-------+---------+---------+-------
